[Event "CCT Chessable Masters Play-In 2025"]
[Site "Online"]
[Date "2025.02.17"]
[Round "5.35"]
[White "Azarov, Sergei"]
[Black "Le, Tuan Minh"]
[Result "0-1"]
[ECO "C54"]
[WhiteElo "2596"]
[BlackElo "2598"]
[PlyCount "90"]
[EventDate "2025.02.13"]
[EventType "swiss"]
[EventCountry "NET"]
[TimeControl "600"]
[WhiteClock "0:00:37"]
[BlackClock "0:01:25"]

1. e4 e5 2. Nf3 Nc6 3. Bc4 Bc5 4. d3 d6 5. c3 Nf6 6. Bg5 a6 7. O-O Ba7 8. Nbd2 O-O 9. Kh1 h6 10. Bh4 Qe7 11. d4 exd4 12. cxd4 Bg4 13. Qc2 Bxf3 14. Nxf3 Qxe4 15. Bd3 Qf4 16. Rad1 Bb6 17. Bg3 Qg4 18. a3 Rfe8 19. Bf5 Qh5 20. h3 g6 21. Bd3 Kg7 22. Rfe1 Rxe1+ 23. Rxe1 Re8 24. Rxe8 Nxe8 25. Bxa6 Nxd4 26. Nxd4 bxa6 27. Nf3 Nf6 28. Qc3 Qd5 29. Kh2 a5 30. b4 axb4 31. axb4 g5 32. Nd2 Qd4 33. Qc2 Qxb4 34. Nc4 Bd4 35. Qe2 Qc5 36. h4 Qf5 37. f3 g4 38. Qd2 Bc5 39. Bf4 gxf3 40. gxf3 Kh7 41. Be3 Qxf3 42. Bxc5 Ng4+ 43. Kg1 dxc5 44. h5 Qg3+ 45. Kf1 Nh2+ 0-1

[Event "CCT Chessable Masters Play-In 2025"]
[Site "Online"]
[Date "2025.02.17"]
[Round "5.36"]
[White "Warmerdam, Max"]
[Black "Robson, Ray"]
[Result "1/2-1/2"]
[ECO "A09"]
[WhiteElo "2638"]
[BlackElo "2689"]
[PlyCount "151"]
[EventDate "2025.02.13"]
[EventType "swiss"]
[EventCountry "NET"]
[TimeControl "600"]
[WhiteClock "0:01:07"]
[BlackClock "0:00:23"]

1. Nf3 d5 2. g3 c5 3. Bg2 Nf6 4. c4 d4 5. b4 cxb4 6. a3 bxa3 7. Qa4+ Bd7 8. Qb3 Nc6 9. O-O e5 10. d3 Rb8 11. Bxa3 Bxa3 12. Qxa3 Qe7 13. Nbd2 Qxa3 14. Rxa3 O-O 15. Rb1 b6 16. Ne1 Na5 17. Nc2 Bg4 18. Kf1 Nd7 19. Ne4 h6 20. Nb4 f5 21. Nd6 Nc5 22. Nb5 f4 23. Nxa7 f3 24. exf3 Bxf3 25. Nac6 Nxc6 26. Nxc6 Bxc6 27. Bxc6 Rf6 28. Bd5+ Kh7 29. Kg2 h5 30. h4 Kh6 31. Re1 b5 32. cxb5 Rxb5 33. Rxe5 Nd7 34. Rg5 Nb6 35. Bf3 Rxg5 36. hxg5+ Kxg5 37. Ra5+ Rf5 38. Rxf5+ Kxf5 39. Bxh5 Na4 40. Kf3 Nc5 41. Ke2 g6 42. Bf3 g5 43. Bd5 Ke5 44. Bc4 Kf5 45. Bb5 Ke5 46. Kf3 Kf5 47. Bc6 Ke5 48. Ke2 Kf5 49. Bg2 Ke5 50. Bh3 Kf6 51. Bg4 Ke5 52. Bh5 Kf5 53. Bf7 Ke5 54. Bg8 Kf5 55. Kf3 Ke5 56. Bh7 Nd7 57. Ke2 Nc5 58. Kd2 Nd7 59. Bg6 Nc5 60. Kc2 Kf6 61. Bh7 Kg7 62. Be4 Kf6 63. Kb2 Nxe4 64. dxe4 Ke5 65. f3 g4 66. f4+ Kxe4 67. Kc2 Kf3 68. Kd3 Kxg3 69. f5 Kh2 70. f6 g3 71. f7 g2 72. f8=Q g1=Q 73. Qh6+ Kg2 74. Qg5+ Kh1 75. Qxg1+ Kxg1 76. Kxd4 1/2-1/2

[Event "CCT Chessable Masters Play-In 2025"]
[Site "Online"]
[Date "2025.02.17"]
[Round "5.37"]
[White "Esipenko, Andrey"]
[Black "Alonso Rosell, Alvar"]
[Result "1-0"]
[ECO "C55"]
[WhiteElo "2695"]
[BlackElo "2535"]
[PlyCount "105"]
[EventDate "2025.02.13"]
[EventType "swiss"]
[EventCountry "NET"]
[TimeControl "600"]
[WhiteClock "0:00:54"]

1. e4 e5 2. Nf3 Nc6 3. Nc3 Nf6 4. Bc4 Nxe4 5. Nxe4 d5 6. Bd3 dxe4 7. Bxe4 Bd6 8. O-O O-O 9. Re1 Re8 10. h3 Bd7 11. c3 h6 12. b4 a5 13. b5 Ne7 14. a4 f5 15. Bxb7 Rb8 16. Ba6 Nd5 17. d4 exd4 18. Rxe8+ Bxe8 19. Qxd4 Bf7 20. Ne5 Qe7 21. Nd3 Rd8 22. Bb2 Nf6 23. Re1 Ne4 24. Qa7 Bc4 25. b6 Bxa6 26. Qxa6 cxb6 27. Qxb6 Bc7 28. Qc6 Kh7 29. Re3 Qc5 30. Qa6 Qd5 31. c4 Qf7 32. Qb5 Qg6 33. Be5 Rb8 34. Bxc7 Rxb5 35. cxb5 Qf7 36. Bxa5 Qb3 37. Nc5 Qc2 38. Nxe4 fxe4 39. b6 Qxa4 40. Be1 Qd1 41. Rxe4 Qb1 42. f3 Qxb6+ 43. Kh2 Qd6+ 44. Bg3 Qd3 45. Re7 Qa3 46. Rc7 Qa5 47. Re7 Kg8 48. Re4 Qb5 49. h4 Qd5 50. Re5 Qd7 51. Re4 Qc6 52. Be5 Qd7 53. Rg4 1-0

[Event "CCT Chessable Masters Play-In 2025"]
[Site "Online"]
[Date "2025.02.17"]
[Round "5.38"]
[White "Naroditsky, Daniel"]
[Black "Yoo, Christopher Woojin"]
[Result "0-1"]
[ECO "C26"]
[WhiteElo "2619"]
[BlackElo "2588"]
[PlyCount "70"]
[EventDate "2025.02.13"]
[EventType "swiss"]
[EventCountry "NET"]
[TimeControl "600"]
[WhiteClock "0:01:54"]
[BlackClock "0:04:16"]

1. e4 e5 2. Nf3 Nf6 3. Nc3 Nc6 4. g3 d5 5. exd5 Nxd5 6. Bg2 Nxc3 7. bxc3 Bd6 8. O-O O-O 9. d4 Bg4 10. h3 Bh5 11. g4 Bg6 12. dxe5 Nxe5 13. Nd4 Nc6 14. Nxc6 bxc6 15. Be3 Qh4 16. f4 f5 17. g5 h6 18. gxh6 Qxh6 19. Qf3 Rae8 20. Rae1 Re6 21. Bxa7 Rxe1 22. Rxe1 c5 23. Re6 Qh7 24. a4 Bf7 25. Rxd6 cxd6 26. a5 Qh4 27. Bb6 Qe1+ 28. Kh2 Bc4 29. Bc7 Qd2 30. Qc6 Qxf4+ 31. Kh1 Rf6 32. a6 Re6 33. Bd5 Qc1+ 34. Kh2 Qd2+ 35. Bg2 Qf4+ 0-1

[Event "CCT Chessable Masters Play-In 2025"]
[Site "Online"]
[Date "2025.02.17"]
[Round "5.39"]
[White "Sarana, Alexey"]
[Black "Henriquez Villagra, Cristobal"]
[Result "0-1"]
[ECO "D31"]
[WhiteElo "2672"]
[BlackElo "2597"]
[PlyCount "158"]
[EventDate "2025.02.13"]
[EventType "swiss"]
[EventCountry "NET"]
[TimeControl "600"]
[WhiteClock "0:00:09"]
[BlackClock "0:00:23"]

1. d4 d5 2. c4 e6 3. Nc3 c6 4. e3 Nd7 5. Bd3 f5 6. Nge2 Bd6 7. cxd5 cxd5 8. Nb5 Bb8 9. Nf4 Ndf6 10. Qa4 Kf7 11. Bd2 a6 12. Nc3 Ne7 13. h4 Ne4 14. Nce2 Nxd2 15. Kxd2 Bd6 16. Rhc1 Bd7 17. Qb3 Qa5+ 18. Nc3 b5 19. Qd1 Bxf4 20. exf4 Qb4 21. Ke3 Rhc8 22. a3 Qd6 23. Ne2 a5 24. Qd2 b4 25. axb4 axb4 26. Rxa8 Rxa8 27. Ng1 Qb6 28. Nf3 Nc6 29. Qc2 Ra5 30. g3 Ke7 31. h5 h6 32. Rh1 Kd6 33. Qd2 b3 34. Qc3 Be8 35. Be2 Ra4 36. Rc1 Rb4 37. Qd2 Ra4 38. Qc3 Rb4 39. Rh1 Ra4 40. Bd3 Qb4 41. Qxb4+ Nxb4 42. Kd2 Ra2 43. Bb1 Rxb2+ 44. Kc3 Rxf2 45. Ne5 Nc6 46. Nxc6 Bxc6 47. Kxb3 Rf3+ 48. Kb4 Rxg3 49. Bc2 Rg4 50. Rf1 Be8 51. Ra1 Ke7 52. Bd1 Rxf4 53. Kc5 Kf6 54. Ra8 Bf7 55. Rf8 Ke7 56. Ra8 Re4 57. Ra7+ Kf6 58. Ra8 f4 59. Kd6 Rxd4 60. Be2 Rb4 61. Rf8 Rb7 62. Bd3 e5 63. Kc6 Re7 64. Kc5 e4 65. Bb5 e3 66. Be2 f3 67. Bxf3 e2 68. Bxe2 Rxe2 69. Ra8 Re5 70. Ra6+ Be6 71. Ra7 Rxh5 72. Ra8 Rf5 73. Rf8+ Bf7 74. Kd4 h5 75. Rh8 g5 76. Ke3 Kg7 77. Rd8 h4 78. Ra8 h3 79. Ra2 d4+ 0-1

[Event "CCT Chessable Masters Play-In 2025"]
[Site "Online"]
[Date "2025.02.17"]
[Round "5.40"]
[White "Oparin, Grigoriy"]
[Black "Smirnov, Pavel"]
[Result "1/2-1/2"]
[ECO "C50"]
[WhiteElo "2660"]
[BlackElo "2476"]
[PlyCount "121"]
[EventDate "2025.02.13"]
[EventType "swiss"]
[EventCountry "NET"]
[TimeControl "600"]
[WhiteClock "0:03:29"]
[BlackClock "0:02:00"]

1. e4 e5 2. Nf3 Nc6 3. Bc4 Nf6 4. d3 Bc5 5. Nc3 h6 6. O-O O-O 7. a4 d6 8. h3 Be6 9. Bd2 Re8 10. Re1 a6 11. Bxe6 fxe6 12. Ne2 a5 13. c3 Bb6 14. Ng3 Rf8 15. Be3 Bxe3 16. Rxe3 Kh7 17. Qb3 Qd7 18. Rd1 Rab8 19. d4 exd4 20. cxd4 Nb4 21. Ne1 b5 22. axb5 Rxb5 23. Qc3 Rfb8 24. Nd3 a4 25. Nxb4 Rxb4 26. Re2 Rb3 27. Qc1 R8b7 28. Rc2 Qb5 29. Qa1 Rxb2 30. Rxb2 Qxb2 31. Qxa4 Rb4 32. Qa7 Qc2 33. Re1 Rb2 34. Rf1 Nxe4 35. Nxe4 Qxe4 36. Qxc7 Qxd4 37. Qe7 Qe5 38. Qc7 Re2 39. Qc1 d5 40. Qb1+ Qe4 41. Qxe4+ Rxe4 42. Ra1 Kg6 43. g3 Kf6 44. Ra7 h5 45. h4 Rb4 46. Kg2 Rb3 47. Rd7 g6 48. Kf1 g5 49. hxg5+ Kxg5 50. Rg7+ Kf6 51. Rg8 d4 52. Rh8 e5 53. Rxh5 e4 54. Rd5 d3 55. Ke1 Ke6 56. Rd8 Ke5 57. Re8+ Kf5 58. Rf8+ Ke5 59. Re8+ Kf5 60. Rf8+ Ke5 61. Re8+ 1/2-1/2

[Event "CCT Chessable Masters Play-In 2025"]
[Site "Online"]
[Date "2025.02.17"]
[Round "5.41"]
[White "Eljanov, Pavel"]
[Black "Grandelius, Nils"]
[Result "1/2-1/2"]
[ECO "D02"]
[WhiteElo "2658"]
[BlackElo "2644"]
[PlyCount "94"]
[EventDate "2025.02.13"]
[EventType "swiss"]
[EventCountry "NET"]
[TimeControl "600"]
[WhiteClock "0:00:47"]
[BlackClock "0:00:40"]

1. d4 d5 2. Nf3 e6 3. Bf4 Bd6 4. e3 Bxf4 5. exf4 Ne7 6. g3 b6 7. c3 O-O 8. h4 c5 9. h5 h6 10. Na3 Ba6 11. Bxa6 Nxa6 12. Kf1 Nb8 13. Kg2 Nbc6 14. Nc2 Nf5 15. g4 Nd6 16. Ne5 Rc8 17. Qf3 Nxe5 18. dxe5 Nc4 19. b3 Na5 20. Qg3 f6 21. Rae1 fxe5 22. Rxe5 Qf6 23. g5 Qxf4 24. gxh6 Qxh6 25. Rg5 Rc7 26. Rh4 Rcf7 27. f4 Qh7 28. Rg6 Nc6 29. Ne3 Ne7 30. Qg5 Nf5 31. Nxf5 Rxf5 32. Qe7 Rxh5 33. Qxe6+ Kh8 34. Rxh5 Qxh5 35. Rg5 Qf7 36. Qxf7 Rxf7 37. Kf3 Rd7 38. f5 Kh7 39. Rg6 d4 40. cxd4 cxd4 41. Rg2 d3 42. Rd2 Kh6 43. Kf4 Rd4+ 44. Ke5 Rd8 45. Kf4 Rd4+ 46. Ke5 Rd8 47. Kf4 Rd4+ 1/2-1/2

[Event "CCT Chessable Masters Play-In 2025"]
[Site "Online"]
[Date "2025.02.17"]
[Round "5.42"]
[White "Lagarde, Maxime"]
[Black "Harikrishna, Pentala"]
[Result "1-0"]
[ECO "D03"]
[WhiteElo "2604"]
[BlackElo "2695"]
[PlyCount "101"]
[EventDate "2025.02.13"]
[EventType "swiss"]
[EventCountry "NET"]
[TimeControl "600"]
[WhiteClock "0:01:50"]
[BlackClock "0:00:17"]

1. d4 Nf6 2. Nf3 d5 3. Bg5 Ne4 4. Bh4 c6 5. Nbd2 Qb6 6. Rb1 Bf5 7. e3 Nd7 8. Bd3 e6 9. O-O Nxd2 10. Qxd2 Bg4 11. Ne5 Nxe5 12. dxe5 Bh5 13. e4 Bg6 14. exd5 cxd5 15. b4 Rc8 16. Kh1 Be7 17. Bxe7 Kxe7 18. Qg5+ Kf8 19. f4 Bxd3 20. cxd3 Qe3 21. Rbe1 Qd2 22. Rd1 Qe3 23. Rf3 Qd2 24. Rdf1 h6 25. Qh4 Qxb4 26. h3 Kg8 27. Qg3 Kh7 28. f5 Rc7 29. Rf4 Qd2 30. Kh2 Rg8 31. Qg4 Rc2 32. R1f3 Qe2 33. d4 b5 34. h4 Rxa2 35. h5 exf5 36. Qxf5+ Kh8 37. Rg3 Ra1 38. Qxf7 Qe1 39. Kh3 Qh1+ 40. Kg4 Ra2 41. Qxd5 Qd1+ 42. Qf3 Qe1 43. Re4 Qc1 44. e6 Ra1 45. Re5 Qd2 46. Qe3 Qd1+ 47. Rf3 Qh1 48. g3 b4 49. e7 Ra3 50. Qf4 g6 51. Qxh6# 1-0

[Event "CCT Chessable Masters Play-In 2025"]
[Site "Online"]
[Date "2025.02.17"]
[Round "5.43"]
[White "Suyarov, Mukhammadzokhid"]
[Black "Mendonca, Leon Luke"]
[Result "0-1"]
[ECO "B52"]
[WhiteElo "2465"]
[BlackElo "2641"]
[PlyCount "88"]
[EventDate "2025.02.13"]
[EventType "swiss"]
[EventCountry "NET"]
[TimeControl "600"]
[BlackClock "0:01:39"]

1. e4 c5 2. Nf3 d6 3. Bb5+ Bd7 4. c4 Nf6 5. Nc3 g6 6. O-O Bg7 7. h3 O-O 8. d3 Nc6 9. a3 Ne8 10. Bg5 Nc7 11. Bxc6 bxc6 12. Qd2 Rb8 13. Rab1 a5 14. Bh6 e5 15. Bxg7 Kxg7 16. Ne2 Ne6 17. b4 axb4 18. axb4 cxb4 19. Rxb4 Qa5 20. Rfb1 Rxb4 21. Qxb4 Qxb4 22. Rxb4 Nc5 23. d4 exd4 24. Nexd4 Nxe4 25. Rb7 Rd8 26. Nb3 Be6 27. Nbd4 Bd7 28. Nb3 c5 29. Nfd2 Nxd2 30. Nxd2 Be6 31. Rc7 Kf6 32. f4 Kf5 33. g3 Ra8 34. Kf2 Ra3 35. Nf1 Ke4 36. Rc6 Ra2+ 37. Ke1 Kf3 38. Nd2+ Ke3 39. Nf1+ Kf3 40. Nd2+ Kxg3 41. Rxd6 Kxf4 42. Nb3 Bxc4 43. Nxc5 Ke3 44. Kd1 Ra5 0-1

[Event "CCT Chessable Masters Play-In 2025"]
[Site "Online"]
[Date "2025.02.17"]
[Round "5.44"]
[White "Tari, Aryan"]
[Black "Indjic, Aleksandar"]
[Result "1-0"]
[ECO "C47"]
[WhiteElo "2621"]
[BlackElo "2650"]
[PlyCount "79"]
[EventDate "2025.02.13"]
[EventType "swiss"]
[EventCountry "NET"]
[TimeControl "600"]
[WhiteClock "0:03:48"]
[BlackClock "0:02:35"]

1. e4 e5 2. Nf3 Nc6 3. Nc3 Nf6 4. h3 Bb4 5. a3 Bxc3 6. dxc3 d6 7. Bd3 Bd7 8. Qe2 Qe7 9. Be3 h6 10. O-O-O O-O-O 11. g4 Kb8 12. Nd2 Rc8 13. c4 Nh7 14. f3 Ng5 15. Qf2 Ne6 16. c3 h5 17. b4 Ncd8 18. Bxa7+ Ka8 19. Be3 c5 20. Kb2 Nc6 21. Nb3 b6 22. Bc2 Rcd8 23. b5 Na5 24. Nxa5 bxa5 25. g5 f6 26. gxf6 gxf6 27. h4 Kb7 28. Rhg1 Rhg8 29. Qd2 Rxg1 30. Rxg1 Kc7 31. Qd5 Rb8 32. Bd1 Be8 33. Be2 Qd7 34. Bf1 Bf7 35. Bh3 a4 36. Qd1 Qe8 37. Qxa4 Ra8 38. Qd1 Qf8 39. Qd5 Nd4 40. Rg7 1-0

[Event "CCT Chessable Masters Play-In 2025"]
[Site "Online"]
[Date "2025.02.17"]
[Round "5.45"]
[White "Sethuraman, S.P."]
[Black "Iturrizaga Bonelli, Eduardo"]
[Result "0-1"]
[ECO "B30"]
[WhiteElo "2557"]
[BlackElo "2577"]
[PlyCount "114"]
[EventDate "2025.02.13"]
[EventType "swiss"]
[EventCountry "NET"]
[TimeControl "600"]
[WhiteClock "0:00:07"]
[BlackClock "0:00:02"]

1. e4 c5 2. Nf3 Nc6 3. Bb5 Nf6 4. Bxc6 dxc6 5. d3 Bg4 6. Nbd2 e6 7. h3 Bh5 8. b3 Be7 9. Bb2 O-O 10. g4 Bg6 11. h4 h5 12. Ne5 hxg4 13. Qe2 Bh5 14. O-O-O Bd6 15. Ndc4 Bc7 16. Rdg1 Qe7 17. f3 gxf3 18. Qe3 Ne8 19. Nxf3 f6 20. e5 b5 21. Ncd2 f5 22. Rg5 Bg4 23. h5 Bd8 24. Rg6 Qf7 25. Ng5 Bxg5 26. Qxg5 Kh7 27. Ba3 b4 28. Bb2 Nc7 29. Nc4 Nd5 30. Nd6 Qe7 31. Qxe7 Nxe7 32. Rxe6 Nd5 33. Rg6 Nf4 34. e6 Nxg6 35. hxg6+ Kxg6 36. e7 Rfe8 37. Re1 f4 38. Re4 Bd7 39. Nxe8 Rxe8 40. Kd2 Bf5 41. Rxf4 Rxe7 42. Rf2 Bg4 43. Rg2 Kh5 44. Rf2 g5 45. d4 cxd4 46. Rh2+ Kg6 47. Bxd4 Bf5 48. Be3 Rd7+ 49. Ke2 g4 50. Rg2 Kf7 51. Kf2 Ke6 52. Kg3 Rf7 53. Bf4 Be4 54. Re2 Kf5 55. Rf2 Rh7 56. Be3+ Bf3 57. Bf4 Rh3# 0-1

[Event "CCT Chessable Masters Play-In 2025"]
[Site "Online"]
[Date "2025.02.17"]
[Round "5.46"]
[White "Shimanov, Aleksandr"]
[Black "Murzin, Volodar"]
[Result "1/2-1/2"]
[ECO "C47"]
[WhiteElo "2593"]
[BlackElo "2657"]
[PlyCount "113"]
[EventDate "2025.02.13"]
[EventType "swiss"]
[EventCountry "NET"]
[TimeControl "600"]
[WhiteClock "0:02:25"]
[BlackClock "0:02:28"]

1. e4 e5 2. Nf3 Nc6 3. Nc3 Nf6 4. h3 Be7 5. d4 d6 6. Bb5 Bd7 7. d5 Nb8 8. Bd3 O-O 9. Ne2 c6 10. c4 Na6 11. Be3 Qa5+ 12. Qd2 Qxd2+ 13. Nxd2 Rfc8 14. Nc3 Nc5 15. Bxc5 dxc5 16. a4 Ne8 17. a5 Nc7 18. Ke2 Re8 19. Rhd1 Na6 20. Nf3 Bf8 21. Bc2 Nb4 22. dxc6 bxc6 23. Rxd7 Nxc2 24. Ra2 f6 25. a6 Reb8 26. Rb7 Nb4 27. Ra4 Nxa6 28. Rxb8 Nxb8 29. Ne1 Kf7 30. Nd3 Ke8 31. Ra3 Kd8 32. Na4 Nd7 33. Ra1 Kc7 34. Kd2 Rd8 35. Kc2 Bd6 36. b3 Kb7 37. Rh1 Rf8 38. f3 h5 39. Rd1 Kc7 40. Ra1 h4 41. Nc3 Kb7 42. Na4 Kc7 43. Kd2 Rb8 44. Kc2 Rh8 45. Kd2 Rb8 46. Kc3 Rh8 47. Nab2 Kb7 48. Rd1 Nf8 49. Na4 Ne6 50. Rd2 Kc7 51. Rd1 Rd8 52. Rd2 Be7 53. Ra2 Kb7 54. Re2 Kc7 55. Ra2 Kb7 56. Ra1 Kc7 57. Ra2 1/2-1/2

[Event "CCT Chessable Masters Play-In 2025"]
[Site "Online"]
[Date "2025.02.17"]
[Round "5.47"]
[White "Akobian, Varuzhan"]
[Black "Samadov, Read"]
[Result "0-1"]
[ECO "D91"]
[WhiteElo "2564"]
[BlackElo "2501"]
[PlyCount "70"]
[EventDate "2025.02.13"]
[EventType "swiss"]
[EventCountry "NET"]
[TimeControl "600"]
[WhiteClock "0:00:32"]
[BlackClock "0:02:22"]

1. d4 Nf6 2. c4 g6 3. Nc3 Bg7 4. Nf3 O-O 5. Bg5 d5 6. Bxf6 Bxf6 7. cxd5 c5 8. dxc5 Qa5 9. Qd2 Rd8 10. Rc1 Bg4 11. e3 Na6 12. Bxa6 Qxa6 13. Nd4 Rac8 14. b4 Bg7 15. b5 Qa3 16. c6 e5 17. Nc2 Qa5 18. e4 bxc6 19. bxc6 Rxc6 20. Ne3 Bc8 21. dxc6 Rxd2 22. Kxd2 Bf8 23. Rhd1 Ba6 24. Rc2 f5 25. exf5 gxf5 26. Nxf5 Bb4 27. Rdc1 Qd5+ 28. Ke1 Qd3 29. Ng3 e4 30. c7 e3 31. fxe3 Qxe3+ 32. Nge2 Bxc3+ 33. Kf1 Bxe2+ 34. Rxe2 Qxc1+ 35. Kf2 Qf4+ 0-1

[Event "CCT Chessable Masters Play-In 2025"]
[Site "Online"]
[Date "2025.02.17"]
[Round "5.48"]
[White "Aryan Chopra"]
[Black "Bartel, Mateusz"]
[Result "1-0"]
[ECO "A05"]
[WhiteElo "2620"]
[BlackElo "2629"]
[PlyCount "141"]
[EventDate "2025.02.13"]
[EventType "swiss"]
[EventCountry "NET"]
[TimeControl "600"]
[WhiteClock "0:01:04"]
[BlackClock "0:00:08"]

1. Nf3 Nf6 2. g3 b5 3. Bg2 Bb7 4. O-O e6 5. d3 Be7 6. Nbd2 b4 7. e4 d6 8. Re1 c5 9. e5 dxe5 10. Nxe5 Bxg2 11. Kxg2 a5 12. a3 a4 13. Ndc4 O-O 14. Qf3 Nd5 15. h4 f6 16. Ng4 Nc6 17. Be3 h5 18. Nh2 Qe8 19. Qe2 Qf7 20. Nf3 Rfe8 21. Bd2 Bf8 22. Qe4 e5 23. c3 Red8 24. cxb4 cxb4 25. Rac1 bxa3 26. bxa3 Rab8 27. Ne3 Nxe3+ 28. Bxe3 Ne7 29. Bc5 Qd5 30. d4 Rbc8 31. Qxd5+ Rxd5 32. Bxe7 Rxc1 33. Rxc1 Bxe7 34. dxe5 fxe5 35. Rc7 Bd8 36. Rc8 Kh7 37. Nxe5 Be7 38. Nc4 Rd3 39. Ra8 Bxa3 40. Rxa4 Be7 41. Ra5 Kh6 42. Ne3 Bf6 43. Kf3 Kg6 44. Ke2 Rb3 45. Nd5 Rb2+ 46. Kf3 Rb3+ 47. Kg2 Kh6 48. Ra6 Kg6 49. Nf4+ Kh6 50. Ra8 g6 51. Rg8 Kh7 52. Rxg6 Be5 53. Rg5 Bxf4 54. gxf4 Kh6 55. f5 Rb4 56. Kg3 Rb1 57. Rg6+ Kh7 58. Kf4 Rb4+ 59. Kg5 Rg4+ 60. Kxh5 Rf4 61. Kg5 Rxf2 62. Ra6 Rg2+ 63. Kf6 Rb2 64. Ra7+ Kh6 65. Kf7 Rf2 66. f6 Kh7 67. Kf8+ Kh8 68. f7 Re2 69. Ra5 Kh7 70. Rh5+ Kg6 71. Kg8 1-0

[Event "CCT Chessable Masters Play-In 2025"]
[Site "Online"]
[Date "2025.02.17"]
[Round "5.49"]
[White "Meier, Georg"]
[Black "Pranav Anand"]
[Result "1/2-1/2"]
[ECO "A46"]
[WhiteElo "2598"]
[BlackElo "2538"]
[PlyCount "117"]
[EventDate "2025.02.13"]
[EventType "swiss"]
[EventCountry "NET"]
[TimeControl "600"]
[WhiteClock "0:00:33"]
[BlackClock "0:00:32"]

1. Nf3 Nf6 2. g3 d5 3. Bg2 e6 4. d4 b5 5. Qd3 a6 6. Bg5 Bb7 7. Nbd2 Nbd7 8. a4 b4 9. c4 bxc3 10. bxc3 Be7 11. O-O O-O 12. Rfb1 Rb8 13. a5 h6 14. Bf4 g5 15. Be3 Kg7 16. h3 c5 17. c4 dxc4 18. Qxc4 Nd5 19. Nf1 Bf6 20. Rd1 Qe7 21. Rac1 Nxe3 22. Nxe3 Bxf3 23. Bxf3 cxd4 24. Ng4 Rb5 25. Bc6 Ne5 26. Nxe5 Rxe5 27. Qxa6 Qb4 28. Ra1 Bd8 29. Rdb1 Qc3 30. Bb5 d3 31. Bxd3 Rxa5 32. Rxa5 Qxa5 33. Qd6 Bf6 34. Rb7 Qe5 35. Qd7 h5 36. Rb5 Qa1+ 37. Kg2 Qc3 38. Rb7 Qe5 39. Rb5 Qc3 40. Qb7 Qd4 41. Qf3 Rh8 42. Be4 h4 43. g4 Rc8 44. e3 Qa1 45. Bb1 Qa4 46. Rb7 Rc1 47. Qe4 Qxe4+ 48. Bxe4 Kf8 49. Bd3 Rd1 50. Bb5 Rd2 51. Bc6 Be5 52. Ra7 Bg3 53. Ra8+ Kg7 54. Ra7 Rxf2+ 55. Kg1 Rf6 56. Kg2 Rf2+ 57. Kg1 Rd2 58. Be8 Rf2 59. Bc6 1/2-1/2

[Event "CCT Chessable Masters Play-In 2025"]
[Site "Online"]
[Date "2025.02.17"]
[Round "5.50"]
[White "Sokolovsky, Yahli"]
[Black "Madaminov, Mukhiddin"]
[Result "1/2-1/2"]
[ECO "A47"]
[WhiteElo "2552"]
[BlackElo "2521"]
[PlyCount "152"]
[EventDate "2025.02.13"]
[EventType "swiss"]
[EventCountry "NET"]
[TimeControl "600"]
[WhiteClock "0:00:09"]
[BlackClock "0:00:15"]

1. d4 Nf6 2. Nf3 b6 3. e3 Bb7 4. c4 g6 5. Nc3 Bg7 6. Be2 O-O 7. O-O e6 8. b3 c5 9. Ba3 d6 10. Qd2 Qe7 11. Rad1 Na6 12. Nb5 Rfd8 13. Bb2 Nc7 14. Nxc7 Qxc7 15. Qc1 Ne4 16. Ne1 e5 17. f3 Ng5 18. d5 f5 19. e4 Bh6 20. Qc2 fxe4 21. fxe4 Rf8 22. Bc1 Rxf1+ 23. Bxf1 Rf8 24. h4 Nf7 25. Be2 Bc8 26. Nd3 Bxc1 27. Qxc1 Qe7 28. g3 g5 29. h5 Bh3 30. Nf2 Bd7 31. Bg4 Kg7 32. Rf1 Qe8 33. Qe3 Qc8 34. Bxd7 Qxd7 35. Kg2 h6 36. Qe2 Nd8 37. Ng4 Rxf1 38. Kxf1 Qf7+ 39. Kg2 Qxh5 40. Qf3 Qf7 41. Qe2 Qg6 42. Qf3 h5 43. Ne3 g4 44. Nf5+ Kf8 45. Qf2 Nf7 46. a3 Ke8 47. Qd2 Kd7 48. b4 Qg5 49. Qd1 Kc7 50. bxc5 bxc5 51. Qe1 Kb7 52. Qb1+ Kc7 53. Qc2 Nh6 54. Nxh6 Qxh6 55. Qf2 Qg6 56. Qe1 Qf7 57. Qa5+ Kc8 58. Qa6+ Qb7 59. Qxd6 Qb2+ 60. Kg1 Qd4+ 61. Kf1 Qxc4+ 62. Kf2 Qd4+ 63. Kf1 Qd3+ 64. Kf2 Qf3+ 65. Kg1 Qxg3+ 66. Kf1 Qf3+ 67. Kg1 Qe3+ 68. Kf1 Qd3+ 69. Kg1 Qd4+ 70. Kf1 c4 71. Qc6+ Kb8 72. Qe8+ Kb7 73. Qb5+ Kc7 74. Qc6+ Kb8 75. Qd6+ Kb7 76. Qc6+ Kb8 1/2-1/2

[Event "CCT Chessable Masters Play-In 2025"]
[Site "Online"]
[Date "2025.02.17"]
[Round "5.51"]
[White "Pultinevicius, Paulius"]
[Black "Narayanan, Srinath"]
[Result "1-0"]
[ECO "D26"]
[WhiteElo "2566"]
[BlackElo "2516"]
[PlyCount "59"]
[EventDate "2025.02.13"]
[EventType "swiss"]
[EventCountry "NET"]
[TimeControl "600"]
[WhiteClock "0:06:22"]
[BlackClock "0:01:51"]

1. d4 d5 2. c4 dxc4 3. Nf3 Nf6 4. e3 e6 5. Bxc4 Be7 6. O-O O-O 7. b3 a6 8. a4 c5 9. Bb2 Nc6 10. Nbd2 Bd7 11. dxc5 Bxc5 12. Bxf6 gxf6 13. Ne4 Be7 14. Qe2 Na5 15. Bd3 f5 16. Ned2 Bf6 17. Rad1 Qe7 18. e4 Rfe8 19. Rfe1 Qb4 20. Nc4 Nxb3 21. Nfe5 Bxa4 22. Qh5 Re7 23. exf5 Nc5 24. Ng4 Qc3 25. Nce5 Bxe5 26. f6 Bxf6 27. Qxh7+ Kf8 28. Nh6 Rd7 29. Qg8+ Ke7 30. Nf5# 1-0

[Event "CCT Chessable Masters Play-In 2025"]
[Site "Online"]
[Date "2025.02.17"]
[Round "5.52"]
[White "Martinez Alcantara, Jose Eduardo"]
[Black "Bilguun, Sumiya"]
[Result "1-0"]
[ECO "B40"]
[WhiteElo "2606"]
[BlackElo "2460"]
[PlyCount "185"]
[EventDate "2025.02.13"]
[EventType "swiss"]
[EventCountry "NET"]
[TimeControl "600"]
[WhiteClock "0:01:15"]

1. e4 c5 2. Nf3 e6 3. c3 d5 4. e5 d4 5. d3 Nc6 6. g3 Nge7 7. Bg2 Ng6 8. Qe2 Qc7 9. O-O dxc3 10. bxc3 Ngxe5 11. Nxe5 Nxe5 12. Bf4 Bd6 13. Nd2 Ng6 14. Bxd6 Qxd6 15. Qe3 O-O 16. Ne4 Qe7 17. h4 f5 18. h5 fxe4 19. hxg6 exd3 20. gxh7+ Kh8 21. Qxd3 e5 22. Be4 Bh3 23. Rfe1 Rad8 24. Qe3 b6 25. Rad1 Rde8 26. f3 Bf5 27. Rd5 Qe6 28. Kg2 Kxh7 29. Qd3 Bxe4 30. Rxe4 Kg8 31. c4 Qf5 32. Qe3 Re6 33. Rdxe5 Rxe5 34. Rxe5 Qc2+ 35. Qe2 Qxe2+ 36. Rxe2 Rd8 37. Kh3 Rd3 38. f4 Rc3 39. Re7 Rxc4 40. Rxa7 Kh7 41. Kg4 Rc3 42. Rc7 Ra3 43. f5 Kh6 44. Rc6+ Kh7 45. Rxb6 Rxa2 46. Kg5 c4 47. Rc6 Ra3 48. g4 c3 49. Rc7 Rb3 50. Kh5 Rb5 51. Kh4 Kg8 52. Kg5 Rb3 53. Rc5 Kf7 54. Kh5 Rb7 55. Rxc3 g6+ 56. fxg6+ Kg7 57. Rf3 Rb1 58. Rf7+ Kg8 59. Kg5 Rc1 60. Re7 Rf1 61. Re5 Kg7 62. Rd5 Re1 63. Rd7+ Kg8 64. Rb7 Rf1 65. Ra7 Rg1 66. g7 Kh7 67. Rb7 Rf1 68. g8=Q+ Kxg8 69. Kg6 Rf8 70. g5 Rc8 71. Rb6 Ra8 72. Kf6 Rf8+ 73. Kg6 Ra8 74. Kh6 Rc8 75. Rb7 Rc6+ 76. Kh5 Rd6 77. Rc7 Rb6 78. Re7 Ra6 79. Rb7 Rc6 80. Rb1 Ra6 81. Rc1 Rb6 82. Ra1 Rc6 83. g6 Rc2 84. Ra8+ Kg7 85. Ra7+ Kg8 86. Rb7 Rh2+ 87. Kg5 Rg2+ 88. Kh6 Rh2+ 89. Kg5 Rg2+ 90. Kf5 Rf2+ 91. Ke5 Rg2 92. Rb8+ Kg7 93. Rb6 1-0

[Event "CCT Chessable Masters Play-In 2025"]
[Site "Online"]
[Date "2025.02.17"]
[Round "5.53"]
[White "Moroni, Luca Jr"]
[Black "Hakobyan, Aram"]
[Result "0-1"]
[ECO "A30"]
[WhiteElo "2552"]
[BlackElo "2635"]
[PlyCount "106"]
[EventDate "2025.02.13"]
[EventType "swiss"]
[EventCountry "NET"]
[TimeControl "600"]
[WhiteClock "0:00:48"]
[BlackClock "0:01:46"]

1. c4 Nf6 2. Nc3 c5 3. Nf3 b6 4. g3 Bb7 5. Bg2 g6 6. d4 cxd4 7. Qxd4 Bg7 8. Bg5 d6 9. O-O Nbd7 10. Rad1 Rc8 11. b3 h6 12. Bc1 O-O 13. Qd2 Nc5 14. Bb2 a6 15. Nd5 Bxd5 16. cxd5 Nfe4 17. Qc2 Nd7 18. Qxe4 Bxb2 19. e3 b5 20. Nd4 Bxd4 21. exd4 Nf6 22. Qe3 Kg7 23. Rc1 Qd7 24. Qd2 Rxc1 25. Rxc1 Rc8 26. Rc6 Qf5 27. h3 Ra8 28. g4 Qg5 29. f4 Qh4 30. Qf2 Qxf2+ 31. Kxf2 g5 32. fxg5 hxg5 33. Ke3 b4 34. Kd3 Kf8 35. Kc4 a5 36. Kb5 Ne8 37. Bf1 e6 38. Bc4 Ke7 39. Ka4 e5 40. dxe5 dxe5 41. Ra6 Rxa6 42. Bxa6 Kd6 43. Kxa5 Kc5 44. Ka4 Nf6 45. d6 Nd5 46. Bc4 Nb6+ 47. Ka5 e4 48. Ka6 e3 49. Kb7 Nxc4 50. d7 Na5+ 51. Kc7 Nc6 52. a3 e2 53. axb4+ Kb5 0-1